MLB
PITTSBURGH PIRATES @ NEW YORK METS
09/03/2045
 
TOP OF THE 1ST
Pittsburgh Pirates batting - Pitching for New York Mets : LHP Zachary DeVault
Pitching: LHP Zachary DeVault
Batting: SHB Marvin McAleer 0-0: Called Strike
0-1: Ball
1-1: Ball
2-1: Fly out, F6 (Line Drive, 6, EV 71.9 MPH)
Batting: RHB Mike Bates 0-0: Fly out, F8 (Line Drive, 8RD, EV 108.1 MPH)
Batting: RHB Steve Jordan 0-0: Ball
1-0: Ball
2-0: Ball
3-0: Base on Balls
Batting: RHB Eisse Bravenboer 0-0: Called Strike
0-1: Ball
1-1: Ball
Steve Jordan steals 2nd base
2-1: Ball
3-1: SINGLE (Groundball, 6D, EV 93.8 MPH)
Steve Jordan to third
Runner from 3rd tries for Home, throw by LF and OUT! 7-2
Top of the 1st over - 0 runs, 1 hit, 0 errors, 1 left on base; Pittsburgh 0 - New York 0
BOTTOM OF THE 1ST
New York Mets batting - Pitching for Pittsburgh Pirates : LHP Sam Richardson
Pitching: LHP Sam Richardson
Batting: LHB Kevin Bellman 0-0: Ball
1-0: Called Strike
1-1: SINGLE (Flyball, 89S, EV 85.0 MPH)
Batting: SHB Sean Cook 0-0: Ball
1-0: Foul Ball, location: 2F
1-1: Swinging Strike
1-2: Foul Ball, location: 2F
1-2: Ball
2-2: Fly out, F8 (Flyball, 8RD, EV 104.4 MPH)
Batting: RHB Jeff Jank 0-0: Ball
1-0: Foul Ball, location: 2F
1-1: Ball
2-1: Ball
3-1: Swinging Strike
3-2: SINGLE (Groundball, 15S, EV 66.9 MPH) (infield hit)
Kevin Bellman to second
Batting: SHB Harry Hoop 0-0: Ball
1-0: Ball
2-0: Ball
3-0: Foul Ball, location: 2F
3-1: Foul Ball, location: 2F
3-2: SINGLE (Groundball, 25, EV 71.2 MPH) (infield hit)
Kevin Bellman to third
Jeff Jank to second
Batting: SHB Gus Berry 0-0: Called Strike
0-1: Ball
1-1: Ball
2-1: Called Strike
2-2: Foul Ball, location: 2F
2-2: Foul Ball, location: 2F
2-2: Ball
3-2: SINGLE (Groundball, 6M, EV 97.5 MPH)
Kevin Bellman scores
Jeff Jank to third
Harry Hoop to second
Runner from 3rd tries for Home, SAFE, throw by CF to home
Batting: SHB Roberto Magne 0-0: Ball
1-0: Foul Ball, location: 2F
1-1: Foul Ball, location: 2F
1-2: Foul Ball, location: 2F
1-2: Ball
2-2: Foul Ball, location: 2F
2-2: Strikes out swinging
Batting: SHB Jonathan Jenkins 0-0: Foul Ball, location: 2F
0-1: Swinging Strike
0-2: Strikes out swinging
Bottom of the 1st over - 2 runs, 4 hits, 0 errors, 2 left on base; Pittsburgh 0 - New York 2
TOP OF THE 2ND
Pittsburgh Pirates batting - Pitching for New York Mets : LHP Zachary DeVault
Batting: RHB Vincent Poopwell 0-0: Swinging Strike
0-1: Ball
1-1: Fly out, F7 (Line Drive, 7D, EV 93.1 MPH)
Batting: LHB Theodore Conboy 0-0: Ball
1-0: Ball
2-0: Foul Ball, location: 2F
2-1: Swinging Strike
2-2: Ball
3-2: Fly out, F8 (Flyball, 78M, EV 76.2 MPH)
Batting: RHB Andrew Robinson 0-0: Called Strike
0-1: Ball
1-1: Called Strike
1-2: Strikes out swinging
Top of the 2nd over - 0 runs, 0 hits, 0 errors, 0 left on base; Pittsburgh 0 - New York 2
BOTTOM OF THE 2ND
New York Mets batting - Pitching for Pittsburgh Pirates : LHP Sam Richardson
Batting: SHB Javy Rosa 0-0: Ball
1-0: Foul Ball, location: 2F
1-1: Swinging Strike
1-2: Ground out 4-3 (Groundball, 4S, EV 70.6 MPH)
Batting: SHB Scott Scott 0-0: Ball
1-0: Ground out 6-3 (Groundball, 56, EV 100.6 MPH)
Batting: LHB Kevin Bellman 0-0: Ball
1-0: Ball
2-0: Ball
3-0: Called Strike
3-1: Base on Balls
Batting: SHB Sean Cook 0-0: Ball
1-0: Swinging Strike
1-1: Ball
2-1: DOUBLE (Groundball, 5L, EV 103.1 MPH)
Kevin Bellman to third
Runner from 3rd tries for Home, SAFE, no throw by LF
Batting: RHB Jeff Jank 0-0: Ball
1-0: Called Strike
1-1: Called Strike
1-2: Foul Ball, location: 2F
1-2: Strikes out swinging
Bottom of the 2nd over - 1 run, 1 hit, 0 errors, 1 left on base; Pittsburgh 0 - New York 3
TOP OF THE 3RD
Pittsburgh Pirates batting - Pitching for New York Mets : LHP Zachary DeVault
Batting: RHB Tommie Eaton 0-0: Swinging Strike
0-1: Swinging Strike
0-2: Foul Ball, location: 2F
0-2: Foul Ball, location: 2F
0-2: SINGLE (Groundball, 56D, EV 94.4 MPH)
Batting: RHB David Contreras 0-0: Ball
1-0: DOUBLE (Line Drive, 5D, EV 98.1 MPH)
Tommie Eaton to third
Runner from 3rd tries for Home, throw by LF and OUT! 7-6-2
Batting: SHB Marvin McAleer 0-0: Ball
1-0: Called Strike
1-1: Ball
2-1: Foul Ball, location: 2F
2-2: Foul Ball, location: 2F
2-2: SINGLE (Groundball, 56D, EV 97.5 MPH)
David Contreras to third
Runner from 3rd tries for Home, SAFE, throw by LF to home
Marvin McAleer to second
Batting: RHB Mike Bates 0-0: Ball
Marvin McAleer steals 3rd base
1-0: Ball
2-0: Ground out 6-3 (Groundball, 6, EV 103.8 MPH)
Marvin McAleer scores
Batting: RHB Steve Jordan 0-0: Ball
1-0: Fly out, F8 (Flyball, 89M, EV 92.5 MPH)
Top of the 3rd over - 2 runs, 3 hits, 0 errors, 0 left on base; Pittsburgh 2 - New York 3
BOTTOM OF THE 3RD
New York Mets batting - Pitching for Pittsburgh Pirates : LHP Sam Richardson
Batting: SHB Harry Hoop 0-0: Ball
1-0: Called Strike
1-1: Called Strike
1-2: Ball
2-2: Strikes out swinging
Batting: SHB Gus Berry 0-0: Ball
1-0: Foul Ball, location: 2F
1-1: Ground out 5-3 (Groundball, 56S, EV 76.9 MPH)
Batting: SHB Roberto Magne 0-0: Ball
1-0: Ball
2-0: Called Strike
2-1: SOLO HOME RUN (Flyball, 7LD, EV 95.0 MPH), Distance : 341 ft
Batting: SHB Jonathan Jenkins 0-0: Ball
1-0: Swinging Strike
1-1: Ball
2-1: Ball
3-1: Fly out, F8 (Flyball, 8LD, EV 96.2 MPH)
Bottom of the 3rd over - 1 run, 1 hit, 0 errors, 0 left on base; Pittsburgh 2 - New York 4
TOP OF THE 4TH
Pittsburgh Pirates batting - Pitching for New York Mets : LHP Zachary DeVault
Batting: RHB Eisse Bravenboer 0-0: Called Strike
0-1: Ball
1-1: Ball
2-1: Ground out 4-3 (Groundball, 34, EV 106.9 MPH)
Batting: RHB Vincent Poopwell 0-0: Called Strike
0-1: Foul Ball, location: 2F
0-2: Strikes out looking
Batting: LHB Theodore Conboy 0-0: Ball
1-0: Ball
2-0: Foul Ball, location: 2F
2-1: SINGLE (Line Drive, 7S, EV 98.8 MPH)
Batting: RHB Andrew Robinson 0-0: Ball
1-0: Foul Ball, location: 2F
1-1: Called Strike
1-2: Ball
2-2: Ball
3-2: Ground out U3 (Groundball, 3, EV 100.6 MPH)
Top of the 4th over - 0 runs, 1 hit, 0 errors, 1 left on base; Pittsburgh 2 - New York 4
BOTTOM OF THE 4TH
New York Mets batting - Pitching for Pittsburgh Pirates : LHP Sam Richardson
Batting: SHB Javy Rosa 0-0: Ball
1-0: Ball
2-0: Called Strike
2-1: Foul Ball, location: 2F
2-2: Ball
3-2: Base on Balls
Batting: SHB Scott Scott 0-0: Called Strike
0-1: Foul Ball, location: 2F
0-2: Strikes out swinging
Batting: LHB Kevin Bellman 0-0: Ball
1-0: Foul Ball, location: 2F
1-1: Ball
Wild Pitch!
Javy Rosa to second
2-1: Called Strike
2-2: Foul Ball, location: 2F
2-2: Strikes out swinging
Batting: SHB Sean Cook 0-0: Foul Ball, location: 2F
0-1: Called Strike
0-2: Foul Ball, location: 2F
0-2: Ball
1-2: Ground out 5-3 (Groundball, 5, EV 84.4 MPH)
Bottom of the 4th over - 0 runs, 0 hits, 0 errors, 1 left on base; Pittsburgh 2 - New York 4
TOP OF THE 5TH
Pittsburgh Pirates batting - Pitching for New York Mets : LHP Zachary DeVault
Batting: RHB Tommie Eaton 0-0: Ground out 4-3 (Groundball, 34, EV 97.5 MPH)
Batting: RHB David Contreras 0-0: Called Strike
0-1: Foul Ball, location: 2F
0-2: Foul Ball, location: 2F
0-2: Ball
1-2: Foul Ball, location: 2F
1-2: Ball
2-2: TRIPLE (Line Drive, 89XD, EV 100.0 MPH)
Batting: SHB Marvin McAleer 0-0: Foul Ball, location: 2F
0-1: Ball
1-1: Ball
2-1: SINGLE (Groundball, 34D, EV 103.8 MPH)
David Contreras scores
Batting: RHB Mike Bates 0-0: Ball
1-0: Fly out, F7 (Flyball, 7LM, EV 91.9 MPH)
Batting: RHB Steve Jordan 0-0: Foul Ball, location: 2F
0-1: Called Strike
0-2: Ball
Wild Pitch!
Marvin McAleer to second
1-2: Fly out, F9 (Flyball, 9S, EV 89.4 MPH)
Top of the 5th over - 1 run, 2 hits, 0 errors, 1 left on base; Pittsburgh 3 - New York 4
BOTTOM OF THE 5TH
New York Mets batting - Pitching for Pittsburgh Pirates : LHP Sam Richardson
Batting: RHB Jeff Jank 0-0: Foul Ball, location: 2F
0-1: Ball
1-1: Called Strike
1-2: Ball
2-2: Fly out, F9 (Flyball, 9D, EV 106.9 MPH)
Batting: SHB Harry Hoop 0-0: Called Strike
0-1: Ball
1-1: Ball
2-1: Ball
3-1: Foul Ball, location: 2F
3-2: Fly out, F8 (Flyball, 8LD, EV 86.9 MPH)
Batting: SHB Gus Berry 0-0: Foul Ball, location: 2F
0-1: Ground out 5-3 (Groundball, 56, EV 101.2 MPH)
Bottom of the 5th over - 0 runs, 0 hits, 0 errors, 0 left on base; Pittsburgh 3 - New York 4
TOP OF THE 6TH
Pittsburgh Pirates batting - Pitching for New York Mets : LHP Zachary DeVault
Batting: RHB Eisse Bravenboer 0-0: Ball
1-0: Ground out 5-3 (Groundball, 56, EV 87.5 MPH)
Batting: RHB Vincent Poopwell 0-0: Reached on error, E4 (Groundball, 4M, EV 86.2 MPH)
Batting: LHB Theodore Conboy 0-0: Fly out, F9 (Flyball, 9S, EV 79.4 MPH)
Batting: RHB Andrew Robinson 0-0: Swinging Strike
0-1: Ball
1-1: Ball
2-1: Foul Ball, location: 2F
2-2: Fly out, F9 (Flyball, 9S, EV 82.5 MPH)
Top of the 6th over - 0 runs, 0 hits, 1 error, 1 left on base; Pittsburgh 3 - New York 4
BOTTOM OF THE 6TH
New York Mets batting - Pitching for Pittsburgh Pirates : LHP Sam Richardson
Pitching: LHP Jimmy Vanthournoutingtonle
Batting: SHB Roberto Magne 0-0: Ground out 6-3 (Groundball, 6, EV 108.1 MPH)
Batting: SHB Jonathan Jenkins 0-0: Called Strike
0-1: Ball
1-1: Fly out, F8 (Flyball, 78D, EV 84.4 MPH)
Batting: SHB Javy Rosa 0-0: Foul Ball, location: 2F
0-1: Ball
1-1: Ball
2-1: Swinging Strike
2-2: Ball
3-2: Strikes out swinging
Bottom of the 6th over - 0 runs, 0 hits, 0 errors, 0 left on base; Pittsburgh 3 - New York 4
TOP OF THE 7TH
Pittsburgh Pirates batting - Pitching for New York Mets : LHP Zachary DeVault
Batting: RHB Tommie Eaton 0-0: Ball
1-0: Ball
2-0: Ball
3-0: Called Strike
3-1: Base on Balls
Batting: RHB David Contreras 0-0: Foul Ball, location: 2F
0-1: Sac Bunt to 2L - play at first, batter OUT! 2-4
Tommie Eaton to second
Batting: SHB Marvin McAleer 0-0: Ball
1-0: Foul Ball, location: 2F
1-1: Ball
2-1: Fly out, F8 (Line Drive, 8LD, EV 87.5 MPH)
Throwing error, E8
Tommie Eaton scores
Batting: RHB Mike Bates 0-0: Ball
1-0: Foul Ball, location: 2F
1-1: DOUBLE (Line Drive, 9LS, EV 108.8 MPH)
Batting: RHB Steve Jordan 0-0: Swinging Strike
0-1: Foul Ball, location: 2F
0-2: Ball
1-2: Ball
2-2: Foul Ball, location: 2F
2-2: Hit by Pitch
Pitching: RHP Ben Dicks
Batting: RHB Eisse Bravenboer 0-0: Called Strike
0-1: Ball
1-1: Ball
2-1: Ground out U3 (Groundball, 34S, EV 90.6 MPH)
Top of the 7th over - 1 run, 1 hit, 1 error, 2 left on base; Pittsburgh 4 - New York 4
BOTTOM OF THE 7TH
New York Mets batting - Pitching for Pittsburgh Pirates : LHP Jimmy Vanthournoutingtonle
Pitching: RHP Jeremy Kennie
Batting: SHB Scott Scott 0-0: Swinging Strike
0-1: Ground out U3 (Groundball, 3S, EV 80.6 MPH)
Batting: LHB Kevin Bellman 0-0: Ball
1-0: SOLO HOME RUN (Flyball, 9D, EV 98.8 MPH), Distance : 387 ft
Batting: SHB Sean Cook 0-0: Called Strike
0-1: SINGLE (Line Drive, 78M, EV 94.4 MPH)
Batting: RHB Jeff Jank 0-0: Foul Ball, location: 2F
0-1: Ball
1-1: Foul Ball, location: 2F
1-2: Fly out, F8 (Flyball, 8LD, EV 100.6 MPH)
Batting: SHB Harry Hoop 0-0: Ball
1-0: SINGLE (Groundball, 25, EV 68.1 MPH) (infield hit)
Sean Cook to second
Batting: SHB Gus Berry 0-0: Ball
1-0: DOUBLE (Line Drive, 78D, EV 99.4 MPH)
Sean Cook scores
Harry Hoop to third
Runner from 3rd tries for Home, throw by CF and OUT! 8-6-2
Bottom of the 7th over - 2 runs, 4 hits, 0 errors, 1 left on base; Pittsburgh 4 - New York 6
TOP OF THE 8TH
Pittsburgh Pirates batting - Pitching for New York Mets : RHP Ben Dicks
Batting: RHB Vincent Poopwell 0-0: Called Strike
0-1: Ball
1-1: Fly out, F9 (Flyball, 89D, EV 102.5 MPH)
Batting: LHB Theodore Conboy 0-0: Foul Ball, location: 2F
0-1: Fly out, F5 (Popup, 6S, EV 81.2 MPH)
Batting: RHB Andrew Robinson 0-0: Called Strike
0-1: Ball
1-1: Fly out, F7 (Line Drive, 7, EV 95.0 MPH)
Top of the 8th over - 0 runs, 0 hits, 0 errors, 0 left on base; Pittsburgh 4 - New York 6
BOTTOM OF THE 8TH
New York Mets batting - Pitching for Pittsburgh Pirates : RHP Jeremy Kennie
Batting: SHB Roberto Magne 0-0: Ball
1-0: DOUBLE (Flyball, 7LM, EV 103.1 MPH)
Batting: SHB Jonathan Jenkins 0-0: Intentional Walk
Batting: SHB Javy Rosa 0-0: Foul Ball, location: 2F
0-1: Sac Bunt to 13S - play at first, batter OUT! 1-3
Roberto Magne to third
Jonathan Jenkins to second
Batting: SHB Scott Scott 0-0: Called Strike
0-1: Fly out, F8 (Line Drive, 8LD, EV 99.4 MPH)
Runner from 3rd tags up, SCORES, throw by CF
Jonathan Jenkins to third
Pitching: LHP Tim Wichman
Batting: LHB Kevin Bellman 0-0: Ball
1-0: SINGLE (Groundball, 56D, EV 96.2 MPH)
Jonathan Jenkins scores
Batting: SHB Sean Cook 0-0: Called Strike
0-1: Ball
1-1: Foul Ball, location: 2F
1-2: Foul Ball, location: 2F
1-2: Fielders Choice at 2nd, 5-4 (Groundball, 56, EV 86.9 MPH)
Bottom of the 8th over - 2 runs, 2 hits, 0 errors, 1 left on base; Pittsburgh 4 - New York 8
TOP OF THE 9TH
Pittsburgh Pirates batting - Pitching for New York Mets : RHP Ben Dicks
Batting: RHB Tommie Eaton 0-0: Fly out, F3 (Popup, 23F, EV 76.9 MPH)
Batting: RHB David Contreras 0-0: Ball
1-0: Ball
2-0: Called Strike
2-1: Ball
3-1: Called Strike
3-2: Foul Ball, location: 2F
3-2: Foul Ball, location: 2F
3-2: Base on Balls
Batting: SHB Marvin McAleer 0-0: Ball
1-0: DOUBLE (Flyball, 8LXD, EV 96.2 MPH)
David Contreras to third
Pitching: LHP Xu-gang Zhou
Batting: RHB Mike Bates 0-0: Foul Ball, location: 2F
0-1: Ball
1-1: Called Strike
1-2: Strikes out swinging
Batting: RHB Steve Jordan 0-0: Ball
1-0: Called Strike
1-1: Ball
2-1: Called Strike
2-2: Ball
3-2: Strikes out swinging
Top of the 9th over - 0 runs, 1 hit, 0 errors, 2 left on base; Pittsburgh 4 - New York 8
Wednesday, June 22nd , 2022 - OOTP Baseball 23.4 Build 64